| TOP OF THE 1ST |
|
Houston Astros batting - Pitching for New York Yankees : RHP Andres Galindo
|
|
Pitching: RHP Andres Galindo
|
|
|
Batting: RHB Jesse Scott
|
0-0: Foul Ball, location: 2F 0-1: Swinging Strike 0-2: Strikes out swinging
|
|
Batting: LHB Eric Katz
|
0-0: Ground out 5-3 (Groundball, 5L, EV 89.4 MPH)
|
|
Batting: SHB Jason Woods
|
0-0: Foul Ball, location: 2F 0-1: Called Strike 0-2: Ball 1-2: Ground out 4-3 (Groundball, 34, EV 90.6 MPH)
|
| Top of the 1st over - 0 runs, 0 hits, 0 errors, 0 left on base; Houston 0 - New York 0 |
| BOTTOM OF THE 1ST |
|
New York Yankees batting - Pitching for Houston Astros : RHP Moises Hernandez Jr.
|
|
Pitching: RHP Moises Hernandez Jr.
|
|
|
Batting: LHB Jordan de Jesus
|
0-0: Ball 1-0: Ball 2-0: Called Strike 2-1: Ball 3-1: Called Strike 3-2: Foul Ball, location: 2F 3-2: Foul Ball, location: 2F 3-2: Fly out, F4 (Popup, 34, EV 67.5 MPH)
|
|
Batting: RHB Shiro Suehiro
|
0-0: Foul Ball, location: 2F 0-1: Ball 1-1: Ball 2-1: Ball 3-1: Foul Ball, location: 2F 3-2: Base on Balls
|
|
Batting: LHB Jim Skare
|
0-0: Called Strike 0-1: Ball 1-1: Called Strike 1-2: Strikes out swinging
|
|
Batting: RHB Russ Shambaugh
|
0-0: Ball 1-0: Ball 2-0: Foul Ball, location: 2F 2-1: Ball Shiro Suehiro steals 2nd base 3-1: SINGLE (Line Drive, 4D, EV 96.2 MPH) Shiro Suehiro to third Runner from 3rd tries for Home, SAFE, throw by CF to home
|
|
Batting: RHB Geni Prawiranega
|
0-0: Called Strike Russ Shambaugh steals 2nd base 0-1: Swinging Strike 0-2: Foul Ball, location: 2F 0-2: Foul Ball, location: 2F 0-2: Ball 1-2: Ball 2-2: Strikes out swinging
|
| Bottom of the 1st over - 1 run, 1 hit, 0 errors, 1 left on base; Houston 0 - New York 1 |
| TOP OF THE 2ND |
|
Houston Astros batting - Pitching for New York Yankees : RHP Andres Galindo
|
|
Batting: LHB Jack Christie
|
0-0: Ball 1-0: Called Strike 1-1: Swinging Strike 1-2: Ball 2-2: Ball 3-2: Strikes out looking
|
|
Batting: SHB Joe Gardner
|
0-0: Called Strike 0-1: Foul Ball, location: 2F 0-2: Foul Ball, location: 2F 0-2: Ground out 3-1 (Groundball, 34, EV 80.6 MPH)
|
|
Batting: SHB Rich Chavez
|
0-0: Ball 1-0: Swinging Strike 1-1: Foul Ball, location: 2F 1-2: Foul Ball, location: 2F 1-2: Ball 2-2: Ball 3-2: Base on Balls
|
|
Batting: RHB Chris Lane
|
0-0: SINGLE (Flyball, 56D, EV 88.1 MPH) Rich Chavez to second
|
|
Batting: RHB Eric Chotkowski
|
0-0: Swinging Strike 0-1: Called Strike 0-2: Hit by Pitch Rich Chavez to third Chris Lane to second
|
|
Batting: RHB Mark Marks
|
0-0: Ball 1-0: Ball 2-0: Called Strike 2-1: Ball 3-1: Called Strike 3-2: Fly out, F8 (Flyball, 8RD, EV 74.4 MPH)
|
| Top of the 2nd over - 0 runs, 1 hit, 0 errors, 3 left on base; Houston 0 - New York 1 |
| BOTTOM OF THE 2ND |
|
New York Yankees batting - Pitching for Houston Astros : RHP Moises Hernandez Jr.
|
|
Batting: RHB Jose Tovar
|
0-0: Swinging Strike 0-1: Ball 1-1: Foul Ball, location: 2F 1-2: Ball 2-2: SINGLE (Groundball, P, EV 89.4 MPH) (infield hit)
|
|
Batting: RHB Larry Martell
|
0-0: Ball 1-0: Ball 2-0: 2-RUN HOME RUN (Flyball, 7D, EV 98.8 MPH), Distance : 377 ft
|
|
Batting: RHB James Boynton
|
0-0: Ball 1-0: Called Strike 1-1: Foul Ball, location: 2F 1-2: Ball 2-2: Foul Ball, location: 2F 2-2: Ground out 4-3 (Groundball, 4M, EV 103.8 MPH)
|
|
Batting: RHB Mike Gifford
|
0-0: Ball 1-0: Called Strike 1-1: Ball 2-1: Foul Ball, location: 2F 2-2: Strikes out looking
|
|
Batting: LHB Jordan de Jesus
|
0-0: Ball 1-0: Ground out 4-3 (Groundball, 4, EV 106.9 MPH)
|
| Bottom of the 2nd over - 2 runs, 2 hits, 0 errors, 0 left on base; Houston 0 - New York 3 |
| TOP OF THE 3RD |
|
Houston Astros batting - Pitching for New York Yankees : RHP Andres Galindo
|
|
Batting: RHB Jesse Scott
|
0-0: SINGLE (Line Drive, 8LS, EV 105.6 MPH)
|
|
Batting: LHB Eric Katz
|
0-0: Ball 1-0: Grounds into double play, 4-6-3 (Groundball, 4, EV 101.2 MPH)
|
|
Batting: SHB Jason Woods
|
0-0: Ball 1-0: Foul Ball, location: 2F 1-1: Swinging Strike 1-2: Foul Ball, location: 2F 1-2: Strikes out swinging
|
| Top of the 3rd over - 0 runs, 1 hit, 0 errors, 0 left on base; Houston 0 - New York 3 |
| BOTTOM OF THE 3RD |
|
New York Yankees batting - Pitching for Houston Astros : RHP Moises Hernandez Jr.
|
|
Batting: RHB Shiro Suehiro
|
0-0: Called Strike 0-1: Foul Ball, location: 2F 0-2: Strikes out swinging
|
|
Batting: LHB Jim Skare
|
0-0: Swinging Strike 0-1: Ball 1-1: Swinging Strike 1-2: Strikes out looking
|
|
Batting: RHB Russ Shambaugh
|
0-0: Ball 1-0: Ball 2-0: Ground out 4-3 (Groundball, 4, EV 106.9 MPH)
|
| Bottom of the 3rd over - 0 runs, 0 hits, 0 errors, 0 left on base; Houston 0 - New York 3 |
| TOP OF THE 4TH |
|
Houston Astros batting - Pitching for New York Yankees : RHP Andres Galindo
|
|
Batting: LHB Jack Christie
|
0-0: Ball 1-0: Ground out 2-3 (Groundball, 2L, EV 71.2 MPH)
|
|
Batting: SHB Joe Gardner
|
0-0: Foul Ball, location: 2F 0-1: Called Strike 0-2: Strikes out swinging
|
|
Batting: SHB Rich Chavez
|
0-0: Ball 1-0: Fly out, F9 (Flyball, 9LDF, EV 97.5 MPH)
|
| Top of the 4th over - 0 runs, 0 hits, 0 errors, 0 left on base; Houston 0 - New York 3 |
| BOTTOM OF THE 4TH |
|
New York Yankees batting - Pitching for Houston Astros : RHP Moises Hernandez Jr.
|
|
Batting: RHB Geni Prawiranega
|
0-0: Foul Ball, location: 2F 0-1: Ball 1-1: Called Strike 1-2: Fly out, F8 (Flyball, 78S, EV 83.1 MPH)
|
|
Batting: RHB Jose Tovar
|
0-0: Swinging Strike 0-1: Called Strike 0-2: Ball 1-2: Ball 2-2: Ball 3-2: Base on Balls
|
|
Batting: RHB Larry Martell
|
0-0: Called Strike 0-1: Grounds out, U3 (Groundball, 3L, EV 88.8 MPH)
|
|
Batting: RHB James Boynton
|
0-0: Ground out 4-3 (Groundball, 4, EV 85.6 MPH)
|
| Bottom of the 4th over - 0 runs, 0 hits, 0 errors, 1 left on base; Houston 0 - New York 3 |
| TOP OF THE 5TH |
|
Houston Astros batting - Pitching for New York Yankees : RHP Andres Galindo
|
|
Batting: RHB Chris Lane
|
0-0: Called Strike 0-1: Called Strike 0-2: Strikes out swinging
|
|
Batting: RHB Eric Chotkowski
|
0-0: Ball 1-0: Swinging Strike 1-1: Foul Ball, location: 2F 1-2: Ball 2-2: Strikes out swinging
|
|
Batting: RHB Mark Marks
|
0-0: Ball 1-0: Fly out, F5 (Popup, 5SF, EV 68.8 MPH)
|
| Top of the 5th over - 0 runs, 0 hits, 0 errors, 0 left on base; Houston 0 - New York 3 |
| BOTTOM OF THE 5TH |
|
New York Yankees batting - Pitching for Houston Astros : RHP Moises Hernandez Jr.
|
|
Batting: RHB Mike Gifford
|
0-0: Foul Ball, location: 2F 0-1: Called Strike 0-2: SINGLE (Groundball, 6MD, EV 95.6 MPH)
|
|
Batting: LHB Jordan de Jesus
|
0-0: Called Strike 0-1: Ball 1-1: Ball 2-1: Called Strike 2-2: SINGLE (Groundball, 6MS, EV 65.6 MPH) (infield hit) Mike Gifford to second
|
|
Batting: RHB Shiro Suehiro
|
0-0: Called Strike 0-1: Ball 1-1: Ball 2-1: Called Strike 2-2: Ground out 3-1 (Groundball, 13, EV 85.6 MPH) Mike Gifford to third Jordan de Jesus to second
|
|
Batting: LHB Jim Skare
|
0-0: Ball 1-0: Ball 2-0: Called Strike 2-1: Ball 3-1: Called Strike 3-2: Strikes out swinging
|
|
Batting: RHB Russ Shambaugh
|
0-0: Foul Ball, location: 2F 0-1: Ball 1-1: Called Strike 1-2: Fly out, F8 (Flyball, 89M, EV 86.9 MPH)
|
| Bottom of the 5th over - 0 runs, 2 hits, 0 errors, 2 left on base; Houston 0 - New York 3 |
| TOP OF THE 6TH |
|
Houston Astros batting - Pitching for New York Yankees : RHP Andres Galindo
|
|
Batting: RHB Jesse Scott
|
0-0: Ball 1-0: Ball 2-0: Ball 3-0: Base on Balls
|
|
Batting: LHB Eric Katz
|
0-0: Ground out 4-3 (Groundball, 34S, EV 89.4 MPH) Jesse Scott to second
|
|
Batting: SHB Jason Woods
|
0-0: Ball 1-0: Ball 2-0: Ball 3-0: Called Strike 3-1: Base on Balls
|
|
Batting: LHB Jack Christie
|
0-0: Ball 1-0: Called Strike 1-1: Ball Jesse Scott is caught stealing 3rd base 2-5 Jason Woods to second 2-1: Called Strike 2-2: Strikes out swinging
|
| Top of the 6th over - 0 runs, 0 hits, 0 errors, 1 left on base; Houston 0 - New York 3 |
| BOTTOM OF THE 6TH |
|
New York Yankees batting - Pitching for Houston Astros : RHP Moises Hernandez Jr.
|
|
Batting: RHB Geni Prawiranega
|
0-0: Ball 1-0: Ball 2-0: Ball 3-0: Ground out 6-3 (Groundball, 6, EV 83.8 MPH)
|
|
Pitching: RHP Taek-gyun Kym
|
|
|
Batting: RHB Jose Tovar
|
0-0: Ball 1-0: Ball 2-0: Fly out, F7 (Flyball, 7, EV 89.4 MPH)
|
|
Batting: RHB Larry Martell
|
0-0: Called Strike 0-1: Ball 1-1: Called Strike 1-2: Foul Ball, location: 2F 1-2: Foul Ball, location: 2F 1-2: Ball 2-2: Strikes out looking
|
| Bottom of the 6th over - 0 runs, 0 hits, 0 errors, 0 left on base; Houston 0 - New York 3 |
| TOP OF THE 7TH |
|
Houston Astros batting - Pitching for New York Yankees : RHP Andres Galindo
|
|
Batting: SHB Joe Gardner
|
0-0: Swinging Strike 0-1: Ball 1-1: Ball 2-1: Foul Ball, location: 2F 2-2: SINGLE (Groundball, 6S, EV 68.8 MPH) (infield hit)
|
|
Batting: SHB Rich Chavez
|
0-0: Fly out, F7 (Flyball, 7, EV 96.2 MPH)
|
|
Batting: RHB Chris Lane
|
0-0: Called Strike 0-1: Ball Joe Gardner steals 2nd base 1-1: Swinging Strike 1-2: Ball 2-2: Ball 3-2: Ground out 1-3 (Groundball, 15S, EV 68.8 MPH)
|
|
Batting: RHB Eric Chotkowski
|
0-0: Called Strike 0-1: Foul Ball, location: 2F 0-2: Ball Wild Pitch! Joe Gardner to third 1-2: Ball 2-2: Strikes out swinging
|
| Top of the 7th over - 0 runs, 1 hit, 0 errors, 1 left on base; Houston 0 - New York 3 |
| BOTTOM OF THE 7TH |
|
New York Yankees batting - Pitching for Houston Astros : RHP Taek-gyun Kym
|
|
Batting: RHB James Boynton
|
0-0: Ball 1-0: Swinging Strike 1-1: Ball 2-1: Called Strike 2-2: Strikes out looking
|
|
Batting: RHB Mike Gifford
|
0-0: Called Strike 0-1: Called Strike 0-2: Fly out, F3 (Popup, 3, EV 62.5 MPH)
|
|
Batting: LHB Jordan de Jesus
|
0-0: Ball 1-0: Ball 2-0: Ball 3-0: Fly out, F3 (Line Drive, 3, EV 60.0 MPH)
|
| Bottom of the 7th over - 0 runs, 0 hits, 0 errors, 0 left on base; Houston 0 - New York 3 |
| TOP OF THE 8TH |
|
Houston Astros batting - Pitching for New York Yankees : RHP Andres Galindo
|
|
Batting: RHB Mark Marks
|
0-0: Ball 1-0: SINGLE (Line Drive, 34D, EV 98.8 MPH)
|
|
Batting: RHB Jesse Scott
|
0-0: Called Strike 0-1: Fly out, F7 (Line Drive, 7, EV 88.1 MPH)
|
|
Pitching: RHP Isaias Chavez
|
|
|
Batting: LHB Eric Katz
|
0-0: Called Strike 0-1: Ball 1-1: Ball 2-1: Grounds into double play, 6-4-3 (Groundball, 6M, EV 84.4 MPH)
|
| Top of the 8th over - 0 runs, 1 hit, 0 errors, 0 left on base; Houston 0 - New York 3 |
| BOTTOM OF THE 8TH |
|
New York Yankees batting - Pitching for Houston Astros : RHP Taek-gyun Kym
|
|
Pitching: RHP Willie Jimenez
|
|
|
Batting: RHB Shiro Suehiro
|
0-0: Called Strike 0-1: Swinging Strike 0-2: Ball 1-2: Strikes out swinging
|
|
Batting: LHB Jim Skare
|
0-0: Foul Ball, location: 2F 0-1: Foul Ball, location: 2F 0-2: Strikes out swinging
|
|
Batting: RHB Russ Shambaugh
|
0-0: Ball 1-0: Ball 2-0: Ball 3-0: Called Strike 3-1: Foul Ball, location: 2F 3-2: Strikes out swinging
|
| Bottom of the 8th over - 0 runs, 0 hits, 0 errors, 0 left on base; Houston 0 - New York 3 |
| TOP OF THE 9TH |
|
Houston Astros batting - Pitching for New York Yankees : RHP Isaias Chavez
|
|
Batting: SHB Jason Woods
|
0-0: Ball 1-0: Ball 2-0: Foul Ball, location: 2F 2-1: Ball 3-1: Base on Balls
|
|
Batting: LHB Jack Christie
|
0-0: Ball 1-0: Ball 2-0: Ball 3-0: Called Strike 3-1: Swinging Strike 3-2: SINGLE (Line Drive, 89M, EV 102.5 MPH) Jason Woods to second Jason Woods to third
|
|
Batting: SHB Joe Gardner
|
0-0: Ball 1-0: Foul Ball, location: 2F 1-1: Foul Ball, location: 2F 1-2: 3-RUN HOME RUN (Flyball, 89XD, EV 105.0 MPH), Distance : 405 ft
|
|
Batting: SHB Rich Chavez
|
0-0: Ball 1-0: Ground out 4-3 (Groundball, 4, EV 91.2 MPH)
|
|
Batting: RHB Chris Lane
|
0-0: Ball 1-0: Foul Ball, location: 2F 1-1: Swinging Strike 1-2: Ball 2-2: Strikes out swinging
|
|
Batting: RHB Eric Chotkowski
|
0-0: Called Strike 0-1: Swinging Strike 0-2: Ball 1-2: Ball 2-2: Fly out, F7 (Flyball, 8LM, EV 78.1 MPH)
|
| Top of the 9th over - 3 runs, 2 hits, 0 errors, 0 left on base; Houston 3 - New York 3 |
| BOTTOM OF THE 9TH |
|
New York Yankees batting - Pitching for Houston Astros : RHP Willie Jimenez
|
|
Batting: RHB Geni Prawiranega
|
0-0: Called Strike 0-1: Ball 1-1: Ball 2-1: SINGLE (Groundball, 6MD, EV 108.1 MPH)
|
|
Batting: RHB Jose Tovar
|
0-0: Called Strike 0-1: Called Strike 0-2: SINGLE (Line Drive, 7S, EV 100.0 MPH) Geni Prawiranega to second
|
|
Batting: RHB Larry Martell
|
0-0: Grounds into double play, 4-6-3 (Groundball, 4, EV 83.1 MPH) Geni Prawiranega to third
|
|
Batting: RHB James Boynton
|
0-0: Intentional Walk
|
|
Batting: RHB Mike Gifford
|
0-0: Ball 1-0: Ball 2-0: Called Strike 2-1: Ball 3-1: Base on Balls James Boynton to second
|
|
Batting: LHB Jordan de Jesus
|
0-0: Ball 1-0: Ball 2-0: SINGLE (Groundball, 4M, EV 91.2 MPH) (infield hit) Geni Prawiranega scores
|
| Bottom of the 9th over - 1 run, 3 hits, 0 errors, 2 left on base; Houston 3 - New York 4 |
|